 Dungeon Crawl Stone Soup version 0.25.0-37-gb73750e0fb (webtiles) character file.

Game seed: 13036709706910130827

125 Electrofox the Changer (level 4, 0/35 HPs)
             Began as a Draconian Transmuter on July 8, 2020.
             Slain by a hound zombie (3 damage)
             ... on level 5 of the Dungeon.
             The game lasted 00:17:53 (3641 turns).

Electrofox the Changer (Draconian Transmuter)       Turns: 3641, Time: 00:17:54

Health: 0/35       AC:  5    Str: 13    XL:     4   Next: 82%
Magic:  4/8        EV: 12    Int: 14    God:
Gold:   124        SH:  0    Dex: 11    Spells: 3/9 levels left

rFire    . . .     SeeInvis .     - Unarmed
rCold    . . .     Gourm    .   (no shield)
rNeg     . . .     Faith    .   (armour unavailable)
rPois    .         Spirit   .   (helmet restricted)
rElec    .         Reflect  .   (no cloak)
rCorr    .         Harm     .   (no gloves)
MR       .....                  (no boots)
Stlth    +.........             (no amulet)
HPRegen  0.11/turn              (no ring)
MPRegen  0.11/turn              (no ring)

@: no status effects
A: unfitting armour, cold-blooded, AC +5
a: no special abilities


You were on level 5 of the Dungeon.
You were not hungry.

You visited 1 branch of the dungeon, and saw 5 of its levels.

You collected 124 gold pieces.

Inventory:

Hand Weapons
 b - a +0 hunting sling
Missiles
 a - 22 arrows
 f - 74 stones (quivered)
Armour
 k - a +0 pair of gloves
Jewellery
 n - a cursed amulet of inaccuracy {unknown}
 u - an uncursed ring of stealth {unknown}
Scrolls
 d - a scroll of random uselessness {unknown}
 j - 2 scrolls of fear {unknown}
 l - 2 scrolls of remove curse {unknown}
 o - a scroll of amnesia {unknown}
 p - a scroll of teleportation {unknown}
 r - 2 scrolls of enchant armour {unknown}
 t - a scroll of identify {unknown}
 v - 2 scrolls of immolation {unknown}
Potions
 e - 3 potions of curing {unknown}
 g - a potion of invisibility {unknown}
 h - a potion of haste {unknown}
 i - a potion of berserk rage {unknown}
 m - a potion of magic {unknown}
 q - a potion of ambrosia {unknown}
Comestibles
 c - 10 rations


   Skills:
 - Level 1.1 Fighting
 - Level 2.0 Dodging
 - Level 3.1 Unarmed Combat
 - Level 3.0 Spellcasting
 * Level 4.1 Transmutations
 + Level 0.1 Poison Magic


You had 3 spell levels left.
You knew the following spells:

 Your Spells              Type           Power        Failure   Level  Hunger
a - Beastly Appendage     Tmut           ##....       3%          1    #......
b - Sticks to Snakes      Tmut           ##......     6%          2    ##.....
c - Spider Form           Tmut/Pois      #.........   26%         3    ###....

Your spell library contained the following spells:

 Spells                   Type           Power        Failure   Level  Hunger
 Ice Form                 Ice/Tmut       #.......     65%         4    #####..
 Blade Hands              Tmut           ##........   71%         5    ######.


Dungeon Overview and Level Annotations

Branches:
Dungeon (6/15)
 Temple: D:4-7

Altars:
Dithmenos
Vehumet
Zin

Annotations:
D:6 Pikel


Innate Abilities, Weirdness & Mutations

Your plain brown scales are hard. (AC +5)
You cannot fit into any form of body armour.
You are cold-blooded and may be slowed by cold attacks.


Message History

The jackal zombie barely misses your adder.
The centaur zombie hits you. The hound zombie bites you. The slave hits you.
The bullfrog zombie barely misses you. The centaur zombie closely misses you.
Casting: Sticks to Snakes (safe; 6% risk of failure)
Confirm with . or Enter, or press ? or * to list all spells.
You create a snake!
You now have 22 arrows.
The hound zombie bites you. The bullfrog zombie hits you.
* * * LOW HITPOINT WARNING * * *
The slave closely misses you.
Your adder bites the hound zombie.
The jackal zombie closely misses your adder.
The centaur zombie closely misses you.
The hound zombie bites you but does no damage.
The bullfrog zombie hits you but does no damage.
Your adder closely misses the hound zombie.
The slave hits you.
* * * LOW HITPOINT WARNING * * *
The centaur zombie barely misses you.
The jackal zombie barely misses your adder.
The hound zombie bites you.
You die...

#####...#.......
#.......#.......
#.?.....#......
....8.........
........#.#.##
.....Z(......#
......SZZ.#..#
......Z@pS...#
...#####.##..#
#.##..#
#..#..#######
##.#.........
#...........
##..........
#..#....!..
#..#.......


You could see a slave, a jackal zombie, a hound zombie, a bullfrog zombie, a
centaur zombie and 2 friendly adders.

Vanquished Creatures
  Robin (D:2)
  5 adders
  2 leopard geckos
  An orc (D:3)
  5 bats
  2 giant cockroaches (D:1)
  17 hobgoblins
  4 kobolds
  7 frilled lizards (D:2)
  11 goblins
  10 rats
65 creatures vanquished.

Notes
Turn   | Place    | Note
-------+----------+-------------------------------------------
     0 | D:1      | Electrofox the Draconian Transmuter began the quest for the
                  | Orb.
     0 | D:1      | Reached XP level 1. HP: 16/16 MP: 3/3
   389 | D:1      | Reached XP level 2. HP: 23/23 MP: 5/5
   616 | D:1      | Learned a level 2 spell: Sticks to Snakes
  1299 | D:2      | Found a shadowy altar of Dithmenos.
  1372 | D:2      | Reached XP level 3. HP: 28/28 MP: 4/6
  1391 | D:2      | Noticed Robin
  1438 | D:1      | Reached skill level 3 in Transmutations
  1623 | D:2      | Found a radiant altar of Vehumet.
  1778 | D:2      | Killed Robin
  2366 | D:2      | Reached XP level 4. HP: 35/35 MP: 8/8
  2568 | D:2      | Found a glowing silver altar of Zin.
  2832 | D:3      | Reached skill level 4 in Transmutations
  3364 | D:3      | Learned a level 3 spell: Spider Form
  3618 | D:3      | You fall into a shaft and drop 3 floors!
  3618 | D:6      | Noticed Pikel
  3618 | D:6      | Noticed a slave
  3618 | D:6      | Noticed a slave
  3619 | D:6      | Noticed a slave
  3619 | D:6      | Noticed a slave
  3622 | D:5      | Entered Level 5 of the Dungeon
  3641 | D:5      | Slain by a hound zombie

Illustrated notes

Levels and vault maps discovered:
D:1:      roderic_dead_forest, layout_basic
D:2:      layout_basic, lemuel_coloured_pillars_altar, old_standard_altar,
          vehumet_crystals, minmay_lizard_pond, uniq_robin
D:3:      layout_basic, kennysheep_nondescript
D:5:      layout_basic, grunt_qazlal_sundering, okawaru_altar_gauntlet_db,
          minmay_temple_entry_trees, serial_undead, serial_undead_d,
          serial_undead_e, serial_undead_e, serial_undead_f, serial_undead_c,
          serial_undead_d, first_ration, kennysheep_cross_bottleneck,
          uniq_eustachio
D:6:      layout_basic, gammafunk_temple_overflow_elements, ebering_ghost_gozag,
          enter_ossuary_3, uniq_grinder, uniq_prince_ribbit1, uniq_pikel

Skill      XL: |  1  2  3  4 |
---------------+-------------+-----
Dodging        | 2 |  2.0
Transmutations | 3 4 |  4.1
Spellcasting   | 3 |  3.0
Fighting       | |  1.1
Unarmed Combat | |  3.1
Poison Magic   | |  0.1

Action                   |  1- 3 |  4- 6 || total
-------------------------+-------+-------++-------
Melee: Unarmed           |   157 |    42 ||   199
       Tailslap          |    14 |     6 ||    20
       Kick              |     3 |     3 ||     6
       Headbutt          |     4 |     2 ||     6
       Punch             |     1 |     2 ||     3
 Fire: Hunting sling     |     5 |    16 ||    21
Throw: Stone             |    11 |       ||    11
 Cast: Beastly Appendage |     7 |     7 ||    14
       Sticks to Snakes  |       |     2 ||     2
 Stab: Sleeping          |     2 |       ||     2
  Eat: Chunk             |     5 |     4 ||     9
Armor: Skin              |    41 |    17 ||    58
Dodge: Dodged            |   109 |    32 ||   141
